[ AOE2 MATCH · #463596279 ]
UnrankedPersians vs Persians
[ REPLAY ANALYSIS · EXTRACTED FROM THE RECORDED GAME ]
Feudal
16:49
Castle
20:52
Imperial
36:17
| APM avg | 22.6 |
| APM peak | 97 |
| eAPM avg | 14.5 |
| Villagers / military | 145 / 167 |
Focus
⚔️ 32.4% · 🌾 67.6%
Scout Cavalry ×76 · War Elephant ×44 · Trade Cart ×29 · Bombard Cannon ×25 · Knight ×8 · Mangonel ×6
Feudal
—
Castle
—
Imperial
—
| APM avg | 20.7 |
| APM peak | 49 |
| eAPM avg | 15.5 |
| Villagers / military | 129 / 208 |
Focus
⚔️ 41.9% · 🌾 58.1%
Skirmisher ×75 · Spearman ×66 · War Elephant ×29 · Militia ×24 · Trebuchet (Packed) ×8 · Scorpion ×3
Feudal
15:18
Castle
25:29
Imperial
32:54
| APM avg | 8.6 |
| APM peak | 48 |
| eAPM avg | 7.9 |
| Villagers / military | 117 / 102 |
Focus
⚔️ 34.3% · 🌾 65.7%
Skirmisher ×81 · Trade Cart ×48 · Archer ×17 · Trebuchet (Packed) ×2 · Scout Cavalry ×2
Feudal
11:00
Castle
14:36
Imperial
28:34
| APM avg | 24.8 |
| APM peak | 57 |
| eAPM avg | 17.7 |
| Villagers / military | 174 / 178 |
Focus
⚔️ 18.7% · 🌾 81.3%
Elephant Archer ×148 · Bombard Cannon ×20 · Trebuchet (Packed) ×9 · Monk ×1
Feudal
12:43
Castle
16:14
Imperial
34:49
| APM avg | 30.6 |
| APM peak | 62 |
| eAPM avg | 20.2 |
| Villagers / military | 146 / 346 |
Focus
⚔️ 34.2% · 🌾 65.8%
Spearman ×278 · Samurai ×49 · Trebuchet (Packed) ×12 · Battering Ram ×7
Feudal
13:17
Castle
18:17
Imperial
32:55
| APM avg | 40.3 |
| APM peak | 118 |
| eAPM avg | 31.6 |
| Villagers / military | 157 / 599 |
Focus
⚔️ 47.2% · 🌾 52.8%
Spearman ×446 · Serjeant ×118 · Battering Ram ×18 · Mangonel ×12 · Militia ×4 · Monk ×1
Feudal
12:28
Castle
23:16
Imperial
43:58
| APM avg | 18.4 |
| APM peak | 203 |
| eAPM avg | 16.2 |
| Villagers / military | 196 / 232 |
Focus
⚔️ 29.8% · 🌾 70.2%
Skirmisher ×80 · Archer ×63 · Longbowman ×46 · Knight ×28 · Trade Cart ×17 · Scout Cavalry ×15
Feudal
14:54
Castle
22:58
Imperial
39:11
| APM avg | 13.9 |
| APM peak | 35 |
| eAPM avg | 9.3 |
| Villagers / military | 79 / 22 |
Focus
⚔️ 20.2% · 🌾 79.8%
Kamayuk ×17 · Unknown (2550) ×14 · Mangonel ×5
Match map
Initial resources + every placement click. Lines = walls · curves = elevation contours. ◆ gold · ⬟ stone · ● berries · ✦ relic · ◌ wall gap
Your base· ✓ Closed at 20:52 · 0t walls · no gate
Hinckley-forever's base· ✓ Closed at 14:10 · 14t walls · fragile
Masquerade's base· ✓ Closed at 25:29 · 6t walls · no gate
xxxibgdrgn's base· ✓ Closed at 14:36 · 0t walls · fragile
自然之灵's base· ✓ Closed at 16:14 · 44t walls · no gate
123321's base· ✓ Closed at 18:17 · 8t walls · 1 gate(s)
jsch's base· ✓ Closed at 23:16 · 32t walls · no gate
ภ₮℘♜๖ۣۜℜѺƔคŁ's base· ✓ Closed at 22:58 · 4t walls · 1 gate(s)
Smoothed initial terrain · ◌ = detected wall gap · hover for details
Inputs per minute
— 随心所欲 - - Hinckley-forever
Build order — 随心所欲
First 150 of 497 actions detected
| 0:03 | Create | Villager (Male) |
| 0:03 | Create | Villager (Male) |
| 0:03 | Create | Villager (Male) |
| 0:04 | Create | Villager (Male) |
| 0:04 | Create | Villager (Male) |
| 0:04 | Create | Villager (Male) |
| 0:12 | Build | House |
| 0:34 | Build | House |
| 0:36 | Build | House |
| 0:37 | Build | House |
| 1:53 | Create | Villager (Male) |
| 2:13 | Build | Lumber Camp |
| 2:49 | Create | Villager (Male) |
| 2:50 | Create | Villager (Male) |
| 2:50 | Create | Villager (Male) |
| 2:50 | Create | Villager (Male) |
| 3:24 | Create | Villager (Male) |
| 3:24 | Create | Villager (Male) |
| 4:18 | Create | Villager (Male) |
| 4:18 | Create | Villager (Male) |
| 4:18 | Create | Villager (Male) |
| 4:19 | Create | Villager (Male) |
| 4:37 | Create | Villager (Male) |
| 5:04 | Create | Villager (Male) |
| 5:04 | Create | Villager (Male) |
| 5:27 | Build | Mill |
| 5:41 | Create | Villager (Male) |
| 5:42 | Create | Villager (Male) |
| 6:49 | Create | Villager (Male) |
| 6:49 | Create | Villager (Male) |
| 6:49 | Create | Villager (Male) |
| 6:49 | Create | Villager (Male) |
| 6:56 | Research | Loom |
| 6:56 | Create | Villager (Male) |
| 6:56 | Create | Villager (Male) |
| 6:56 | Create | Villager (Male) |
| 6:57 | Create | Villager (Male) |
| 6:57 | Create | Villager (Male) |
| 8:00 | Create | Villager (Male) |
| 8:00 | Create | Villager (Male) |
| 8:13 | Build | House |
| 8:14 | Build | House |
| 8:15 | Build | House |
| 8:16 | Build | House |
| 8:21 | Create | Villager (Male) |
| 8:21 | Create | Villager (Male) |
| 8:21 | Create | Villager (Male) |
| 8:22 | Create | Villager (Male) |
| 8:22 | Create | Villager (Male) |
| 8:22 | Create | Villager (Male) |
| 9:02 | Create | Villager (Male) |
| 9:03 | Create | Villager (Male) |
| 9:03 | Create | Villager (Male) |
| 9:39 | Build | Farm |
| 10:16 | Create | Villager (Male) |
| 10:16 | Create | Villager (Male) |
| 10:16 | Create | Villager (Male) |
| 10:33 | Build | Mill |
| 11:56 | Build | Farm |
| 12:00 | Build | Farm |
| 12:01 | Build | Farm |
| 12:05 | Build | Farm |
| 12:12 | Create | Villager (Male) |
| 12:13 | Create | Villager (Male) |
| 12:13 | Create | Villager (Male) |
| 12:13 | Create | Villager (Male) |
| 12:24 | Build | House |
| 12:29 | Build | House |
| 12:38 | Build | Barracks |
| 12:51 | Build | Farm |
| 14:18 | Research | Feudal Age |
| 14:49 | Build | Mining Camp |
| 14:57 | Build | Farm |
| 15:03 | Build | Farm |
| 15:05 | Build | Farm |
| 15:07 | Build | Farm |
| 15:08 | Build | Farm |
| 15:09 | Build | Farm |
| 15:11 | Build | Farm |
| 15:13 | Build | Farm |
| 15:14 | Build | Farm |
| 15:47 | Build | Farm |
| 15:52 | Build | Farm |
| 16:49 | Age | Feudal Age |
| 16:55 | Create | Villager (Male) |
| 16:56 | Create | Villager (Male) |
| 16:56 | Create | Villager (Male) |
| 16:56 | Create | Villager (Male) |
| 16:56 | Create | Villager (Male) |
| 17:07 | Build | Stable |
| 17:10 | Build | Blacksmith |
| 18:17 | Research | Castle Age |
| 18:17 | Research | Castle Age |
| 18:33 | Build | Market |
| 18:42 | Build | Mill |
| 18:52 | Research | Horse Collar |
| 18:55 | Research | Gold Mining |
| 18:58 | Research | Double-Bit Axe |
| 19:25 | Research | Stone Mining |
| 19:49 | Build | Mining Camp |
| 20:48 | Create | Villager (Male) |
| 20:48 | Create | Villager (Male) |
| 20:49 | Create | Villager (Male) |
| 20:50 | Create | Villager (Male) |
| 20:50 | Create | Villager (Male) |
| 20:52 | Age | Castle Age |
| 21:06 | Build | Town Center |
| 21:10 | Research | Bow Saw |
| 21:11 | Research | Bow Saw |
| 21:24 | Build | Town Center |
| 21:39 | Create | Villager (Male) |
| 21:39 | Create | Villager (Male) |
| 21:39 | Create | Villager (Male) |
| 22:14 | Research | Stone Shaft Mining |
| 22:16 | Research | Heavy Plow |
| 22:17 | Research | Heavy Plow |
| 22:24 | Create | Villager (Male) |
| 22:54 | Create | Villager (Male) |
| 22:54 | Create | Villager (Male) |
| 22:55 | Create | Villager (Male) |
| 22:55 | Create | Villager (Male) |
| 22:55 | Create | Villager (Male) |
| 22:55 | Create | Villager (Male) |
| 22:56 | Create | Villager (Male) |
| 23:02 | Research | Wheelbarrow |
| 23:07 | Create | Villager (Male) |
| 23:07 | Create | Villager (Male) |
| 23:07 | Create | Villager (Male) |
| 23:08 | Create | Villager (Male) |
| 23:08 | Create | Villager (Male) |
| 23:12 | Create | Villager (Male) |
| 23:12 | Create | Villager (Male) |
| 23:30 | Build | Town Center |
| 23:38 | Create | Villager (Male) |
| 23:46 | Build | House |
| 23:47 | Build | House |
| 23:49 | Build | House |
| 23:50 | Build | House |
| 23:57 | Build | House |
| 23:59 | Build | House |
| 24:01 | Build | House |
| 24:03 | Build | House |
| 24:05 | Build | House |
| 24:11 | Build | House |
| 24:22 | Create | Trade Cart |
| 24:22 | Create | Trade Cart |
| 24:22 | Create | Trade Cart |
| 24:23 | Create | Trade Cart |
| 24:23 | Create | Trade Cart |
| 24:25 | Create | Trade Cart |
Build order — Hinckley-forever
First 150 of 484 actions detected
| 0:01 | Create | Villager (Male) |
| 0:05 | Build | House |
| 0:07 | Build | House |
| 0:35 | Create | Villager (Male) |
| 0:36 | Research | Loom |
| 1:17 | Build | Palisade Wall |
| 1:18 | Create | Villager (Male) |
| 1:19 | Create | Villager (Male) |
| 1:19 | Create | Villager (Male) |
| 2:03 | Create | Villager (Male) |
| 2:04 | Create | Villager (Male) |
| 2:42 | Build | Lumber Camp |
| 2:58 | Create | Villager (Male) |
| 3:27 | Create | Villager (Male) |
| 3:47 | Create | Villager (Male) |
| 4:21 | Create | Villager (Male) |
| 5:01 | Create | Villager (Male) |
| 5:36 | Create | Villager (Male) |
| 5:42 | Build | House |
| 6:33 | Build | Mill |
| 6:34 | Create | Villager (Male) |
| 6:35 | Create | Villager (Male) |
| 6:35 | Create | Villager (Male) |
| 7:24 | Create | Villager (Male) |
| 7:24 | Create | Villager (Male) |
| 7:51 | Build | House |
| 7:53 | Create | Villager (Male) |
| 7:53 | Create | Villager (Male) |
| 8:34 | Create | Villager (Male) |
| 8:34 | Create | Villager (Male) |
| 9:26 | Build | House |
| 9:56 | Build | Mining Camp |
| 10:00 | Create | Villager (Male) |
| 10:26 | Research | Feudal Age |
| 10:43 | Create | Villager (Male) |
| 11:14 | Build | Mining Camp |
| 11:31 | Build | Lumber Camp |
| 12:16 | Create | Villager (Male) |
| 12:51 | Build | Watch Tower |
| 12:54 | Create | Villager (Male) |
| 12:54 | Create | Villager (Male) |
| 13:03 | Build | Market |
| 13:16 | Build | Blacksmith |
| 13:44 | Build | House |
| 13:54 | Build | Blacksmith |
| 14:10 | Research | Castle Age |
| 15:08 | Create | Villager (Male) |
| 15:08 | Create | Villager (Male) |
| 15:29 | Build | Farm |
| 15:35 | Build | Farm |
| 15:49 | Build | Stone Wall |
| 15:59 | Build | Farm |
| 16:05 | Research | Double-Bit Axe |
| 16:14 | Research | Horse Collar |
| 16:40 | Build | Gate |
| 16:46 | Build | Siege Workshop |
| 16:59 | Build | Town Center |
| 17:05 | Create | Villager (Male) |
| 17:05 | Create | Villager (Male) |
| 17:54 | Build | Farm |
| 18:01 | Build | Farm |
| 18:02 | Build | Farm |
| 18:02 | Build | Farm |
| 18:02 | Build | Farm |
| 18:03 | Build | Farm |
| 18:03 | Build | Farm |
| 18:03 | Build | Farm |
| 18:03 | Build | Farm |
| 18:08 | Create | Villager (Male) |
| 18:08 | Create | Villager (Male) |
| 18:08 | Create | Villager (Male) |
| 18:09 | Create | Villager (Male) |
| 18:32 | Build | House |
| 18:38 | Research | Wheelbarrow |
| 18:55 | Build | Town Center |
| 19:07 | Create | Battering Ram |
| 19:24 | Create | Villager (Male) |
| 19:24 | Create | Villager (Male) |
| 19:25 | Create | Villager (Male) |
| 19:43 | Build | Farm |
| 19:43 | Build | Farm |
| 19:44 | Build | Farm |
| 19:44 | Build | Farm |
| 19:45 | Build | Farm |
| 20:24 | Create | Villager (Male) |
| 20:25 | Create | Villager (Male) |
| 20:25 | Create | Villager (Male) |
| 20:25 | Create | Villager (Male) |
| 20:32 | Build | Farm |
| 20:32 | Build | Farm |
| 20:32 | Build | Farm |
| 20:33 | Build | Farm |
| 20:33 | Build | Farm |
| 20:33 | Build | Farm |
| 20:33 | Build | Farm |
| 20:40 | Create | Villager (Male) |
| 20:40 | Create | Villager (Male) |
| 21:08 | Create | Villager (Male) |
| 21:08 | Create | Villager (Male) |
| 21:15 | Create | Battering Ram |
| 21:28 | Build | Barracks |
| 21:39 | Create | Villager (Male) |
| 21:39 | Create | Villager (Male) |
| 21:39 | Create | Villager (Male) |
| 22:13 | Create | Villager (Male) |
| 22:14 | Create | Villager (Male) |
| 22:14 | Create | Villager (Male) |
| 22:21 | Build | House |
| 22:34 | Research | Man-at-Arms (upgrade) |
| 22:37 | Research | Arson |
| 22:50 | Build | House |
| 22:54 | Build | House |
| 23:07 | Create | Militia |
| 23:07 | Create | Militia |
| 23:07 | Create | Militia |
| 23:17 | Build | Barracks |
| 23:28 | Create | Militia |
| 23:28 | Create | Militia |
| 23:41 | Build | Town Center |
| 23:51 | Research | Long Swordsman (upgrade) |
| 24:03 | Build | House |
| 24:06 | Create | Villager (Male) |
| 24:07 | Create | Villager (Male) |
| 24:17 | Build | Farm |
| 24:17 | Build | Farm |
| 24:17 | Build | Farm |
| 24:17 | Build | Farm |
| 24:18 | Build | Farm |
| 24:18 | Build | Farm |
| 24:18 | Build | Farm |
| 24:18 | Build | Farm |
| 24:19 | Build | Farm |
| 24:30 | Create | Militia |
| 24:30 | Create | Militia |
| 24:30 | Create | Militia |
| 24:51 | Create | Militia |
| 25:04 | Create | Villager (Male) |
| 25:05 | Create | Villager (Male) |
| 25:33 | Create | Militia |
| 25:34 | Create | Militia |
| 25:37 | Create | Militia |
| 25:38 | Create | Villager (Male) |
| 25:38 | Create | Villager (Male) |
| 25:42 | Build | House |
| 25:48 | Create | Villager (Male) |
| 25:55 | Create | Villager (Male) |
| 25:59 | Build | House |
| 26:20 | Create | Militia |
| 26:20 | Create | Militia |
| 26:21 | Create | Militia |
Build order — Masquerade
First 150 of 372 actions detected
| 0:24 | Create | Villager (Male) |
| 0:24 | Create | Villager (Male) |
| 0:24 | Create | Villager (Male) |
| 0:24 | Create | Villager (Male) |
| 0:26 | Research | Loom |
| 1:25 | Build | Mill |
| 2:53 | Build | Palisade Wall |
| 3:06 | Create | Villager (Male) |
| 3:07 | Create | Villager (Male) |
| 3:18 | Build | Palisade Gate |
| 3:51 | Create | Villager (Male) |
| 5:07 | Create | Villager (Male) |
| 5:07 | Create | Villager (Male) |
| 5:07 | Create | Villager (Male) |
| 6:41 | Create | Villager (Male) |
| 6:42 | Create | Villager (Male) |
| 6:43 | Create | Villager (Male) |
| 6:43 | Create | Villager (Male) |
| 7:05 | Create | Villager (Male) |
| 7:30 | Create | Villager (Male) |
| 7:54 | Build | Lumber Camp |
| 8:04 | Create | Villager (Male) |
| 8:11 | Create | Villager (Male) |
| 9:26 | Create | Villager (Male) |
| 10:35 | Build | Lumber Camp |
| 10:40 | Create | Villager (Male) |
| 10:47 | Create | Villager (Male) |
| 10:48 | Create | Villager (Male) |
| 11:50 | Build | Lumber Camp |
| 11:59 | Create | Villager (Male) |
| 12:07 | Build | Mining Camp |
| 12:12 | Create | Villager (Male) |
| 12:58 | Build | Farm |
| 13:00 | Build | Farm |
| 13:01 | Build | Farm |
| 13:02 | Build | Farm |
| 13:04 | Build | Farm |
| 13:08 | Research | Feudal Age |
| 14:16 | Build | Farm |
| 14:19 | Build | Farm |
| 14:22 | Build | Farm |
| 14:24 | Build | Farm |
| 14:28 | Build | Farm |
| 15:18 | Age | Feudal Age |
| 15:21 | Research | Wheelbarrow |
| 15:26 | Create | Villager (Male) |
| 15:26 | Create | Villager (Male) |
| 15:30 | Research | Horse Collar |
| 15:38 | Research | Double-Bit Axe |
| 16:01 | Build | Market |
| 16:05 | Build | Market |
| 16:30 | Build | Blacksmith |
| 16:38 | Create | Villager (Male) |
| 16:40 | Create | Villager (Male) |
| 16:41 | Create | Villager (Male) |
| 16:44 | Create | Villager (Male) |
| 17:16 | Build | Mining Camp |
| 17:20 | Research | Gold Mining |
| 17:29 | Create | Villager (Male) |
| 17:49 | Research | Stone Mining |
| 18:05 | Build | Farm |
| 18:17 | Create | Villager (Male) |
| 18:26 | Build | Farm |
| 18:31 | Create | Villager (Male) |
| 18:48 | Build | Farm |
| 19:16 | Build | Farm |
| 19:25 | Create | Villager (Male) |
| 19:28 | Create | Villager (Male) |
| 19:41 | Build | Farm |
| 19:53 | Create | Villager (Male) |
| 20:04 | Build | Farm |
| 20:33 | Build | Farm |
| 20:39 | Create | Villager (Male) |
| 20:42 | Create | Villager (Male) |
| 20:55 | Build | Farm |
| 21:20 | Build | Farm |
| 21:35 | Create | Villager (Male) |
| 21:44 | Build | Farm |
| 22:17 | Create | Villager (Male) |
| 22:43 | Build | Farm |
| 22:49 | Research | Castle Age |
| 23:19 | Build | Farm |
| 24:26 | Build | Farm |
| 24:35 | Create | Villager (Male) |
| 24:37 | Create | Villager (Male) |
| 25:29 | Age | Castle Age |
| 25:38 | Research | Heavy Plow |
| 25:45 | Research | Bow Saw |
| 25:49 | Research | Gold Shaft Mining |
| 26:26 | Build | Town Center |
| 26:49 | Research | Wheelbarrow |
| 26:49 | Research | Town Watch |
| 26:57 | Create | Villager (Male) |
| 27:02 | Create | Villager (Male) |
| 27:02 | Create | Villager (Male) |
| 27:18 | Build | Monastery |
| 27:22 | Build | University |
| 27:29 | Research | Forging |
| 27:30 | Research | Scale Mail Armor |
| 27:31 | Research | Scale Barding Armor |
| 27:32 | Research | Fletching |
| 27:34 | Research | Padded Archer Armor |
| 27:53 | Research | Caravan |
| 27:58 | Research | Coinage |
| 29:10 | Build | Mining Camp |
| 29:37 | Research | Imperial Age |
| 29:54 | Create | Villager (Male) |
| 29:57 | Create | Villager (Male) |
| 30:14 | Create | Trade Cart |
| 30:14 | Create | Trade Cart |
| 30:19 | Create | Trade Cart |
| 31:09 | Build | Castle |
| 31:41 | Build | Barracks |
| 32:05 | Research | Hand Cart |
| 32:08 | Research | Town Patrol |
| 32:10 | Create | Villager (Male) |
| 32:11 | Create | Villager (Male) |
| 32:12 | Create | Villager (Male) |
| 32:42 | Create | Villager (Male) |
| 32:43 | Create | Villager (Male) |
| 32:43 | Create | Villager (Male) |
| 32:44 | Create | Villager (Male) |
| 32:44 | Create | Villager (Male) |
| 32:46 | Create | Villager (Male) |
| 32:47 | Create | Villager (Male) |
| 32:54 | Age | Imperial Age |
| 33:13 | Research | Banking |
| 33:38 | Research | Two-Man Saw |
| 33:44 | Create | Villager (Male) |
| 33:45 | Create | Villager (Male) |
| 33:50 | Create | Villager (Male) |
| 33:52 | Create | Villager (Male) |
| 33:54 | Create | Villager (Male) |
| 34:28 | Build | Farm |
| 34:42 | Research | Guilds |
| 34:46 | Create | Trade Cart |
| 34:47 | Create | Trade Cart |
| 34:47 | Create | Trade Cart |
| 34:48 | Create | Trade Cart |
| 34:48 | Create | Trade Cart |
| 34:48 | Create | Trade Cart |
| 34:48 | Create | Trade Cart |
| 34:49 | Create | Trade Cart |
| 34:49 | Create | Trade Cart |
| 34:50 | Create | Trade Cart |
| 35:24 | Build | Stone Wall |
| 35:52 | Build | Archery Range |
| 35:53 | Build | Archery Range |
| 35:55 | Build | Archery Range |
| 36:22 | Research | Leather Archer Armor |
Build order — xxxibgdrgn
First 150 of 484 actions detected
| 0:02 | Research | Loom |
| 0:02 | Create | Villager (Male) |
| 0:03 | Create | Villager (Male) |
| 0:03 | Create | Villager (Male) |
| 0:03 | Create | Villager (Male) |
| 0:05 | Build | House |
| 0:07 | Build | House |
| 0:19 | Build | Mill |
| 2:05 | Create | Villager (Male) |
| 2:06 | Create | Villager (Male) |
| 2:23 | Create | Villager (Male) |
| 2:23 | Create | Villager (Male) |
| 2:43 | Create | Villager (Male) |
| 2:56 | Create | Villager (Male) |
| 3:17 | Create | Villager (Male) |
| 3:50 | Build | House |
| 3:52 | Build | House |
| 4:13 | Create | Villager (Male) |
| 4:13 | Create | Villager (Male) |
| 4:14 | Create | Villager (Male) |
| 4:14 | Create | Villager (Male) |
| 4:14 | Create | Villager (Male) |
| 4:43 | Build | Lumber Camp |
| 4:47 | Create | Villager (Male) |
| 5:35 | Create | Villager (Male) |
| 5:35 | Create | Villager (Male) |
| 6:19 | Create | Villager (Male) |
| 6:20 | Create | Villager (Male) |
| 6:20 | Create | Villager (Male) |
| 6:21 | Create | Villager (Male) |
| 6:21 | Create | Villager (Male) |
| 7:04 | Create | Villager (Male) |
| 7:04 | Create | Villager (Male) |
| 7:23 | Build | Mining Camp |
| 8:06 | Build | Farm |
| 8:17 | Build | Mill |
| 8:34 | Build | Farm |
| 8:36 | Research | Feudal Age |
| 10:06 | Create | Villager (Male) |
| 10:06 | Create | Villager (Male) |
| 10:10 | Build | House |
| 11:00 | Age | Feudal Age |
| 11:05 | Build | Blacksmith |
| 11:09 | Build | Market |
| 11:56 | Research | Castle Age |
| 12:25 | Research | Double-Bit Axe |
| 12:41 | Research | Horse Collar |
| 13:39 | Research | Wheelbarrow |
| 14:36 | Age | Castle Age |
| 14:42 | Build | Town Center |
| 14:59 | Build | Town Center |
| 15:19 | Create | Villager (Male) |
| 15:47 | Research | Bow Saw |
| 16:15 | Create | Villager (Male) |
| 16:16 | Create | Villager (Male) |
| 16:18 | Create | Villager (Male) |
| 16:19 | Create | Villager (Male) |
| 16:19 | Create | Villager (Male) |
| 16:19 | Create | Villager (Male) |
| 16:20 | Create | Villager (Male) |
| 16:20 | Create | Villager (Male) |
| 16:20 | Create | Villager (Male) |
| 16:21 | Create | Villager (Male) |
| 16:21 | Create | Villager (Male) |
| 16:35 | Build | Farm |
| 16:42 | Build | Farm |
| 16:42 | Build | Farm |
| 16:43 | Build | Farm |
| 16:43 | Build | Farm |
| 16:49 | Create | Villager (Male) |
| 16:52 | Build | Farm |
| 17:08 | Build | House |
| 17:09 | Build | House |
| 17:15 | Build | Farm |
| 17:25 | Build | Farm |
| 17:34 | Create | Villager (Male) |
| 17:35 | Create | Villager (Male) |
| 17:39 | Build | Farm |
| 17:52 | Build | Farm |
| 18:04 | Create | Villager (Male) |
| 18:05 | Create | Villager (Male) |
| 18:05 | Create | Villager (Male) |
| 18:05 | Create | Villager (Male) |
| 18:09 | Build | Farm |
| 18:14 | Build | House |
| 18:15 | Build | House |
| 18:18 | Create | Villager (Male) |
| 18:18 | Create | Villager (Male) |
| 18:29 | Build | Mill |
| 18:37 | Create | Villager (Male) |
| 18:37 | Create | Villager (Male) |
| 18:38 | Create | Villager (Male) |
| 18:38 | Create | Villager (Male) |
| 18:41 | Build | Farm |
| 18:44 | Create | Villager (Male) |
| 18:44 | Create | Villager (Male) |
| 18:49 | Build | Farm |
| 18:49 | Build | Farm |
| 18:51 | Build | Farm |
| 19:00 | Build | Farm |
| 19:03 | Create | Villager (Male) |
| 19:03 | Create | Villager (Male) |
| 19:06 | Build | House |
| 19:10 | Build | Farm |
| 19:11 | Create | Villager (Male) |
| 19:12 | Create | Villager (Male) |
| 19:24 | Create | Villager (Male) |
| 19:25 | Create | Villager (Male) |
| 19:26 | Create | Villager (Male) |
| 19:26 | Create | Villager (Male) |
| 19:31 | Create | Villager (Male) |
| 19:31 | Create | Villager (Male) |
| 19:31 | Create | Villager (Male) |
| 19:32 | Create | Villager (Male) |
| 19:32 | Create | Villager (Male) |
| 19:35 | Build | Farm |
| 19:37 | Create | Villager (Male) |
| 19:38 | Create | Villager (Male) |
| 19:47 | Create | Villager (Male) |
| 19:47 | Create | Villager (Male) |
| 19:48 | Create | Villager (Male) |
| 19:51 | Build | House |
| 19:54 | Create | Villager (Male) |
| 19:55 | Create | Villager (Male) |
| 20:01 | Build | Town Center |
| 20:06 | Create | Villager (Male) |
| 20:06 | Create | Villager (Male) |
| 20:07 | Create | Villager (Male) |
| 20:08 | Build | Farm |
| 20:10 | Create | Villager (Male) |
| 20:11 | Create | Villager (Male) |
| 20:24 | Build | Farm |
| 20:30 | Build | Farm |
| 20:33 | Create | Villager (Male) |
| 20:33 | Create | Villager (Male) |
| 20:37 | Build | House |
| 20:38 | Build | House |
| 20:43 | Build | Monastery |
| 20:48 | Create | Villager (Male) |
| 20:50 | Create | Villager (Male) |
| 20:56 | Research | Heavy Plow |
| 21:01 | Build | Farm |
| 21:03 | Create | Villager (Male) |
| 21:12 | Create | Villager (Male) |
| 21:14 | Create | Villager (Male) |
| 21:19 | Build | House |
| 21:20 | Build | House |
| 21:21 | Build | House |
| 21:23 | Create | Monk |
| 21:28 | Build | Farm |
Build order — 自然之灵
First 150 of 487 actions detected
| 0:02 | Create | Villager (Male) |
| 0:04 | Build | House |
| 0:05 | Build | House |
| 0:19 | Research | Loom |
| 0:19 | Research | Loom |
| 0:21 | Create | Villager (Male) |
| 0:53 | Create | Villager (Male) |
| 0:59 | Create | Villager (Male) |
| 1:33 | Create | Villager (Male) |
| 2:16 | Build | Palisade Wall |
| 2:28 | Build | Palisade Wall |
| 2:33 | Create | Villager (Male) |
| 2:34 | Create | Villager (Male) |
| 2:43 | Create | Villager (Male) |
| 3:26 | Create | Villager (Male) |
| 3:27 | Create | Villager (Male) |
| 3:35 | Build | Lumber Camp |
| 3:45 | Create | Villager (Male) |
| 3:45 | Create | Villager (Male) |
| 4:10 | Create | Villager (Male) |
| 4:29 | Build | Lumber Camp |
| 4:36 | Create | Villager (Male) |
| 4:39 | Build | House |
| 5:08 | Create | Villager (Male) |
| 5:09 | Create | Villager (Male) |
| 5:39 | Create | Villager (Male) |
| 5:39 | Create | Villager (Male) |
| 6:04 | Create | Villager (Male) |
| 6:12 | Build | Mill |
| 6:25 | Create | Villager (Male) |
| 6:47 | Create | Villager (Male) |
| 6:47 | Create | Villager (Male) |
| 6:50 | Create | Villager (Male) |
| 6:50 | Create | Villager (Male) |
| 7:15 | Build | House |
| 7:45 | Build | House |
| 7:51 | Create | Villager (Male) |
| 7:51 | Create | Villager (Male) |
| 7:53 | Create | Villager (Male) |
| 8:34 | Build | Mining Camp |
| 8:36 | Build | Farm |
| 8:38 | Build | Farm |
| 8:48 | Build | Mill |
| 8:51 | Create | Villager (Male) |
| 9:30 | Create | Villager (Male) |
| 9:34 | Create | Villager (Male) |
| 9:38 | Build | Farm |
| 10:07 | Build | Farm |
| 10:11 | Research | Feudal Age |
| 10:36 | Create | Villager (Male) |
| 10:37 | Create | Villager (Male) |
| 11:05 | Build | Farm |
| 11:20 | Build | Farm |
| 12:43 | Age | Feudal Age |
| 12:45 | Build | Market |
| 12:50 | Build | Blacksmith |
| 13:02 | Build | Stone Wall |
| 13:06 | Build | Stone Wall |
| 13:16 | Build | Stone Wall |
| 13:34 | Research | Castle Age |
| 13:35 | Research | Castle Age |
| 14:20 | Create | Villager (Male) |
| 14:27 | Build | Stone Wall |
| 14:40 | Build | Stone Wall |
| 14:44 | Create | Villager (Male) |
| 15:00 | Create | Villager (Male) |
| 15:05 | Build | Mining Camp |
| 15:08 | Research | Double-Bit Axe |
| 15:08 | Research | Double-Bit Axe |
| 15:10 | Research | Horse Collar |
| 15:10 | Research | Horse Collar |
| 15:44 | Create | Villager (Male) |
| 15:52 | Build | Stone Wall |
| 15:58 | Build | Stone Wall |
| 16:14 | Age | Castle Age |
| 16:17 | Build | Town Center |
| 16:27 | Create | Villager (Male) |
| 16:45 | Build | House |
| 17:00 | Build | Stone Wall |
| 17:12 | Create | Villager (Male) |
| 17:35 | Create | Villager (Male) |
| 17:46 | Build | House |
| 17:47 | Build | House |
| 17:50 | Build | House |
| 17:51 | Build | House |
| 18:02 | Create | Villager (Male) |
| 18:02 | Create | Villager (Male) |
| 18:03 | Create | Villager (Male) |
| 18:04 | Create | Villager (Male) |
| 18:20 | Create | Villager (Male) |
| 18:24 | Create | Villager (Male) |
| 18:41 | Build | Town Center |
| 18:45 | Create | Villager (Male) |
| 18:52 | Create | Villager (Male) |
| 19:20 | Build | Farm |
| 19:21 | Build | Farm |
| 19:24 | Build | Farm |
| 19:27 | Create | Villager (Male) |
| 19:40 | Research | Bow Saw |
| 19:40 | Research | Bow Saw |
| 20:04 | Create | Villager (Male) |
| 20:04 | Create | Villager (Male) |
| 20:05 | Create | Villager (Male) |
| 20:05 | Create | Villager (Male) |
| 20:15 | Build | House |
| 20:16 | Build | House |
| 20:18 | Build | House |
| 20:20 | Build | House |
| 20:20 | Build | House |
| 20:20 | Build | House |
| 20:21 | Build | House |
| 20:23 | Create | Villager (Male) |
| 20:24 | Create | Villager (Male) |
| 20:28 | Build | Farm |
| 20:32 | Create | Villager (Male) |
| 20:45 | Create | Villager (Male) ×2 |
| 20:45 | Create | Villager (Male) ×2 |
| 20:45 | Create | Villager (Male) ×2 |
| 20:50 | Build | Farm |
| 20:53 | Build | Farm |
| 21:43 | Create | Villager (Male) |
| 21:52 | Build | Castle |
| 22:02 | Create | Villager (Male) |
| 22:03 | Create | Villager (Male) |
| 22:05 | Build | Farm |
| 22:06 | Build | Farm |
| 22:07 | Build | Farm |
| 22:08 | Build | Farm |
| 22:23 | Create | Villager (Male) |
| 22:26 | Build | Mill |
| 22:27 | Build | Farm |
| 22:28 | Build | Farm |
| 22:29 | Build | Farm |
| 22:29 | Build | Farm |
| 22:30 | Create | Villager (Male) |
| 22:33 | Build | House |
| 22:43 | Create | Villager (Male) |
| 22:48 | Build | Farm |
| 22:49 | Build | Farm |
| 22:51 | Build | Farm |
| 22:59 | Create | Villager (Male) |
| 23:13 | Build | House |
| 23:13 | Build | House |
| 23:15 | Build | House |
| 23:22 | Build | Lumber Camp |
| 23:23 | Create | Villager (Male) |
| 23:28 | Build | Farm |
| 23:30 | Build | Farm |
| 23:32 | Build | Mill |
| 23:33 | Build | Farm |
Build order — 123321
First 150 of 932 actions detected
| 0:12 | Create | Villager (Male) |
| 0:13 | Create | Villager (Male) |
| 0:13 | Create | Villager (Male) |
| 0:13 | Create | Villager (Male) |
| 0:15 | Build | House |
| 0:17 | Build | House |
| 0:33 | Build | House |
| 0:35 | Build | House |
| 0:54 | Build | Lumber Camp |
| 1:11 | Research | Loom |
| 1:12 | Create | Villager (Male) |
| 1:12 | Create | Villager (Male) |
| 2:07 | Create | Villager (Male) |
| 2:07 | Create | Villager (Male) |
| 2:57 | Create | Villager (Male) |
| 2:58 | Create | Villager (Male) |
| 3:40 | Build | Palisade Wall |
| 3:44 | Create | Villager (Male) |
| 3:45 | Create | Villager (Male) |
| 4:19 | Create | Villager (Male) |
| 4:20 | Create | Villager (Male) |
| 4:20 | Create | Villager (Male) |
| 5:03 | Create | Villager (Male) |
| 5:40 | Build | Lumber Camp |
| 5:42 | Create | Villager (Male) |
| 5:42 | Create | Villager (Male) |
| 6:03 | Create | Villager (Male) |
| 6:03 | Create | Villager (Male) |
| 6:13 | Build | House |
| 6:16 | Build | House |
| 6:17 | Build | House |
| 6:45 | Create | Villager (Male) |
| 6:45 | Create | Villager (Male) |
| 7:18 | Create | Villager (Male) |
| 7:46 | Create | Villager (Male) |
| 7:46 | Create | Villager (Male) |
| 7:47 | Create | Villager (Male) |
| 7:49 | Build | Mill |
| 7:57 | Create | Villager (Male) |
| 7:58 | Create | Villager (Male) |
| 8:12 | Create | Villager (Male) |
| 8:13 | Create | Villager (Male) |
| 8:43 | Create | Villager (Male) |
| 8:43 | Create | Villager (Male) |
| 9:16 | Build | Farm |
| 9:17 | Create | Villager (Male) |
| 9:18 | Create | Villager (Male) |
| 9:32 | Create | Villager (Male) |
| 9:37 | Build | Farm |
| 9:43 | Build | Farm |
| 9:49 | Build | Farm |
| 11:07 | Research | Feudal Age |
| 11:22 | Build | Mill |
| 11:48 | Build | Mining Camp |
| 13:17 | Age | Feudal Age |
| 13:18 | Research | Wheelbarrow |
| 13:22 | Build | Market |
| 13:30 | Create | Villager (Male) |
| 13:52 | Build | Gate |
| 13:59 | Build | Stone Wall |
| 14:09 | Build | Blacksmith |
| 14:18 | Research | Double-Bit Axe |
| 15:37 | Research | Castle Age |
| 16:33 | Build | Mining Camp |
| 16:46 | Build | Lumber Camp |
| 18:17 | Age | Castle Age |
| 18:20 | Create | Villager (Male) |
| 18:39 | Build | Town Center |
| 18:52 | Build | Monastery |
| 19:02 | Create | Villager (Male) |
| 19:28 | Create | Monk |
| 19:30 | Create | Villager (Male) |
| 19:32 | Build | Farm |
| 19:38 | Create | Villager (Male) |
| 19:58 | Build | Town Center |
| 20:02 | Create | Villager (Male) |
| 20:11 | Create | Villager (Male) |
| 20:12 | Build | Farm |
| 20:17 | Create | Villager (Male) |
| 20:23 | Create | Villager (Male) |
| 20:32 | Create | Villager (Male) |
| 20:36 | Build | House |
| 20:46 | Build | House |
| 20:47 | Build | House |
| 20:48 | Create | Villager (Male) |
| 20:50 | Create | Villager (Male) |
| 20:54 | Build | Farm |
| 20:54 | Build | Farm |
| 20:54 | Build | Farm |
| 20:56 | Create | Villager (Male) |
| 20:56 | Create | Villager (Male) |
| 21:04 | Build | Farm |
| 21:05 | Create | Villager (Male) |
| 21:19 | Research | Horse Collar |
| 21:21 | Build | Farm |
| 21:26 | Create | Villager (Male) |
| 21:29 | Create | Villager (Male) |
| 21:30 | Create | Villager (Male) |
| 21:35 | Build | Farm |
| 21:38 | Build | House |
| 21:39 | Build | House |
| 21:40 | Build | House |
| 21:43 | Create | Villager (Male) |
| 21:58 | Build | Farm |
| 21:59 | Build | Farm |
| 22:01 | Create | Villager (Male) |
| 22:01 | Create | Villager (Male) |
| 22:02 | Create | Villager (Male) |
| 22:11 | Create | Villager (Male) |
| 22:16 | Build | University |
| 22:20 | Create | Villager (Male) |
| 22:20 | Create | Villager (Male) |
| 22:32 | Create | Villager (Male) |
| 22:49 | Build | Farm |
| 22:54 | Build | Farm |
| 22:58 | Build | Farm |
| 23:11 | Create | Villager (Male) |
| 23:15 | Build | Outpost |
| 23:22 | Build | House |
| 23:23 | Build | House |
| 23:25 | Build | House |
| 23:26 | Create | Villager (Male) |
| 23:27 | Create | Villager (Male) |
| 23:43 | Build | Town Center |
| 23:50 | Create | Villager (Male) |
| 23:56 | Build | Town Center |
| 24:02 | Create | Villager (Male) |
| 24:02 | Create | Villager (Male) |
| 24:12 | Create | Villager (Male) |
| 24:34 | Build | Town Center |
| 24:36 | Create | Villager (Male) |
| 24:37 | Create | Villager (Male) |
| 24:37 | Create | Villager (Male) |
| 24:38 | Create | Villager (Male) |
| 24:39 | Create | Villager (Male) |
| 24:39 | Create | Villager (Male) |
| 24:41 | Create | Villager (Male) |
| 24:42 | Create | Villager (Male) |
| 24:42 | Create | Villager (Male) |
| 24:48 | Build | Farm |
| 24:51 | Build | Farm |
| 24:52 | Build | Farm |
| 24:53 | Build | Farm |
| 24:56 | Build | Farm |
| 25:04 | Build | Farm |
| 25:04 | Build | Farm |
| 25:12 | Build | Farm |
| 25:16 | Create | Villager (Male) |
| 25:20 | Create | Villager (Male) |
| 25:20 | Create | Villager (Male) |
Build order — jsch
First 150 of 364 actions detected
| 0:02 | Create | Villager (Male) |
| 0:02 | Create | Villager (Male) |
| 0:02 | Create | Villager (Male) |
| 0:04 | Build | House |
| 0:06 | Build | House |
| 0:23 | Build | Palisade Wall |
| 0:37 | Create | Villager (Male) |
| 2:16 | Create | Villager (Male) ×2 |
| 2:45 | Build | Palisade Wall |
| 3:13 | Create | Villager (Male) ×3 |
| 3:50 | Create | Villager (Male) ×2 |
| 4:10 | Build | Lumber Camp |
| 4:52 | Create | Villager (Male) ×3 |
| 5:33 | Build | House |
| 6:07 | Build | House |
| 6:12 | Build | House |
| 6:36 | Create | Villager (Male) ×4 |
| 7:22 | Build | House |
| 7:25 | Build | House |
| 8:59 | Build | House |
| 9:04 | Build | House |
| 9:10 | Create | Villager (Male) ×5 |
| 9:25 | Build | Mill |
| 9:34 | Create | Villager (Male) ×2 |
| 10:18 | Research | Feudal Age |
| 10:28 | Build | Mill |
| 10:53 | Build | Mining Camp |
| 12:28 | Age | Feudal Age |
| 12:30 | Build | Watch Tower |
| 12:40 | Research | Horse Collar |
| 12:45 | Research | Double-Bit Axe |
| 12:50 | Research | Gold Mining |
| 12:53 | Create | Villager (Male) |
| 13:58 | Build | Stone Wall |
| 14:15 | Build | Lumber Camp |
| 14:22 | Create | Villager (Male) ×5 |
| 14:22 | Create | Villager (Male) ×2 |
| 14:31 | Build | Farm |
| 14:55 | Build | Farm |
| 14:58 | Build | Farm |
| 14:59 | Build | Farm |
| 15:03 | Build | Farm |
| 15:03 | Build | Farm |
| 15:04 | Build | Farm |
| 15:19 | Build | Market |
| 15:26 | Create | Villager (Male) |
| 15:26 | Create | Villager (Male) |
| 16:38 | Build | Farm |
| 16:38 | Build | Farm |
| 16:38 | Build | Farm |
| 16:39 | Build | Farm |
| 17:04 | Build | Mining Camp |
| 17:36 | Build | Mill |
| 17:44 | Create | Villager (Male) ×4 |
| 17:50 | Research | Wheelbarrow |
| 17:51 | Create | Villager (Male) |
| 18:17 | Create | Villager (Male) ×2 |
| 19:35 | Build | Blacksmith |
| 20:36 | Research | Castle Age |
| 20:43 | Research | Fletching |
| 20:43 | Research | Padded Archer Armor |
| 20:58 | Build | Barracks |
| 21:52 | Build | Archery Range |
| 22:15 | Build | House |
| 22:16 | Build | House |
| 22:25 | Build | House |
| 22:27 | Build | House |
| 22:28 | Build | House |
| 22:29 | Build | House |
| 22:29 | Build | House |
| 22:32 | Build | House |
| 22:33 | Build | House |
| 23:16 | Age | Castle Age |
| 23:23 | Build | Town Center |
| 23:29 | Build | Town Center |
| 23:53 | Build | Town Center |
| 23:58 | Research | Hand Cart |
| 24:04 | Research | Bow Saw |
| 24:17 | Research | Heavy Plow |
| 24:35 | Create | Villager (Male) |
| 24:35 | Create | Villager (Male) |
| 24:35 | Create | Villager (Male) |
| 24:47 | Create | Villager (Male) ×5 |
| 25:22 | Create | Trade Cart |
| 25:22 | Create | Trade Cart |
| 25:22 | Create | Trade Cart |
| 25:26 | Research | Caravan |
| 25:35 | Create | Villager (Male) |
| 25:35 | Create | Villager (Male) |
| 25:35 | Create | Villager (Male) |
| 25:47 | Create | Villager (Male) |
| 25:47 | Create | Villager (Male) |
| 26:12 | Build | Farm |
| 26:13 | Build | Farm |
| 26:19 | Build | Farm |
| 26:20 | Build | Farm |
| 26:20 | Build | Farm |
| 26:21 | Build | Farm |
| 26:28 | Build | Farm |
| 26:35 | Build | Farm |
| 26:36 | Build | Farm |
| 26:36 | Build | Farm |
| 26:36 | Build | Farm |
| 27:00 | Build | House |
| 27:01 | Build | House |
| 27:03 | Build | House |
| 27:04 | Build | House |
| 27:05 | Build | House |
| 27:25 | Build | Town Center |
| 28:10 | Create | Villager (Male) ×5 |
| 28:11 | Create | Villager (Male) ×5 |
| 28:11 | Create | Villager (Male) ×5 |
| 28:11 | Create | Villager (Male) ×2 |
| 28:11 | Create | Villager (Male) ×2 |
| 28:35 | Research | Stone Mining |
| 28:48 | Create | Villager (Male) ×3 |
| 28:49 | Create | Villager (Male) ×3 |
| 28:53 | Build | Farm |
| 28:54 | Build | Farm |
| 28:54 | Build | Farm |
| 28:54 | Build | Farm |
| 28:55 | Build | Farm |
| 29:04 | Build | Farm |
| 29:04 | Build | Farm |
| 29:04 | Build | Farm |
| 29:04 | Build | Farm |
| 29:05 | Build | Farm |
| 29:05 | Build | Farm |
| 29:14 | Build | Farm |
| 29:14 | Build | Farm |
| 29:15 | Build | Farm |
| 29:15 | Build | Farm |
| 29:15 | Build | Farm |
| 29:16 | Build | Farm |
| 29:34 | Build | Archery Range |
| 29:37 | Build | Archery Range |
| 29:39 | Build | Archery Range |
| 29:40 | Build | Archery Range |
| 29:58 | Research | Loom |
| 30:00 | Research | Town Watch |
| 30:02 | Create | Villager (Male) ×5 |
| 30:02 | Create | Villager (Male) ×5 |
| 30:03 | Create | Villager (Male) ×2 |
| 30:11 | Build | Farm |
| 30:12 | Build | Farm |
| 30:19 | Build | Farm |
| 30:19 | Build | Farm |
| 30:19 | Build | Farm |
| 30:20 | Build | Farm |
| 30:44 | Research | Coinage |
Build order — ภ₮℘♜๖ۣۜℜѺƔคŁ
First 150 of 176 actions detected
| 0:04 | Create | Villager (Male) |
| 0:04 | Create | Villager (Male) |
| 0:09 | Build | Barracks |
| 0:17 | Build | House |
| 0:51 | Create | Unit 2550 ×2 |
| 1:38 | Create | Villager (Male) |
| 1:39 | Create | Villager (Male) |
| 1:39 | Create | Villager (Male) |
| 2:19 | Create | Unit 2550 |
| 2:36 | Create | Villager (Male) |
| 3:08 | Create | Unit 2550 |
| 3:53 | Create | Villager (Male) |
| 3:53 | Create | Villager (Male) |
| 3:53 | Create | Villager (Male) |
| 4:39 | Create | Villager (Male) |
| 4:39 | Create | Villager (Male) |
| 5:19 | Build | House |
| 5:24 | Create | Villager (Male) |
| 5:25 | Create | Villager (Male) |
| 5:43 | Build | House |
| 6:10 | Create | Villager (Male) ×2 |
| 6:10 | Create | Villager (Male) ×2 |
| 6:39 | Build | Palisade Wall |
| 6:45 | Build | Palisade Gate |
| 6:52 | Create | Villager (Male) |
| 7:14 | Create | Villager (Male) |
| 7:44 | Create | Villager (Male) |
| 8:00 | Create | Villager (Male) |
| 9:32 | Create | Villager (Male) |
| 9:36 | Create | Villager (Male) |
| 10:05 | Create | Villager (Male) |
| 10:15 | Build | Settlement |
| 10:24 | Create | Villager (Male) |
| 11:14 | Create | Villager (Male) |
| 11:31 | Build | Settlement |
| 11:51 | Create | Villager (Male) |
| 12:44 | Research | Feudal Age |
| 12:44 | Research | Feudal Age |
| 14:19 | Research | Loom |
| 14:54 | Age | Feudal Age |
| 15:05 | Build | Market |
| 15:12 | Create | Villager (Male) |
| 15:12 | Create | Villager (Male) |
| 15:12 | Create | Villager (Male) |
| 16:10 | Create | Villager (Male) |
| 16:44 | Research | Double-Bit Axe |
| 17:07 | Create | Villager (Male) |
| 17:24 | Build | Farm |
| 17:26 | Build | Farm |
| 17:28 | Build | Farm |
| 17:33 | Build | Farm |
| 17:35 | Build | Farm |
| 17:41 | Build | Farm |
| 17:44 | Build | Farm |
| 17:49 | Create | Villager (Male) |
| 18:11 | Create | Villager (Male) |
| 18:35 | Build | Blacksmith |
| 18:46 | Create | Villager (Male) |
| 19:24 | Build | Archery Range |
| 19:41 | Build | Farm |
| 19:53 | Build | Farm |
| 20:05 | Build | Farm |
| 20:18 | Research | Castle Age |
| 20:56 | Research | Horse Collar |
| 21:21 | Build | Settlement |
| 21:46 | Research | Stone Mining |
| 21:59 | Build | Farm |
| 22:14 | Research | Town Watch |
| 22:47 | Create | Unit 2550 ×2 |
| 22:47 | Create | Unit 2550 ×2 |
| 22:47 | Create | Unit 2550 ×2 |
| 22:58 | Age | Castle Age |
| 23:00 | Create | Unit 2550 |
| 23:23 | Create | Villager (Male) |
| 24:04 | Build | Town Center |
| 24:12 | Create | Villager (Male) |
| 24:12 | Create | Villager (Male) |
| 24:12 | Create | Villager (Male) |
| 24:42 | Create | Unit 2550 ×2 |
| 25:00 | Create | Villager (Male) |
| 25:01 | Create | Villager (Male) |
| 25:23 | Create | Unit 2550 |
| 25:38 | Create | Villager (Male) |
| 25:38 | Create | Villager (Male) |
| 25:38 | Create | Villager (Male) |
| 25:51 | Build | Farm |
| 25:52 | Build | Farm |
| 25:57 | Create | Villager (Male) |
| 26:15 | Build | Castle |
| 26:52 | Create | Villager (Male) ×3 |
| 27:26 | Build | Settlement |
| 27:35 | Research | Wheelbarrow |
| 27:56 | Create | Villager (Male) |
| 27:56 | Create | Villager (Male) |
| 27:56 | Create | Villager (Male) |
| 28:07 | Build | Farm |
| 28:09 | Build | Farm |
| 28:10 | Build | Farm |
| 28:12 | Build | Farm |
| 28:13 | Build | Farm |
| 28:15 | Build | Farm |
| 28:16 | Build | Farm |
| 28:25 | Build | Farm |
| 28:34 | Create | Villager (Male) |
| 28:54 | Create | Villager (Male) ×2 |
| 29:01 | Build | Farm |
| 29:10 | Create | Villager (Male) |
| 29:10 | Create | Villager (Male) |
| 29:10 | Create | Villager (Male) |
| 29:21 | Build | Farm |
| 29:23 | Build | Farm |
| 29:43 | Create | Villager (Male) ×2 |
| 29:51 | Build | Farm |
| 29:58 | Create | Kamayuk ×3 |
| 29:58 | Create | Kamayuk ×3 |
| 30:17 | Create | Villager (Male) ×2 |
| 30:17 | Create | Villager (Male) ×2 |
| 30:30 | Research | Gold Mining |
| 30:37 | Research | Forging |
| 30:47 | Build | Farm |
| 30:53 | Create | Kamayuk ×2 |
| 30:53 | Create | Kamayuk ×2 |
| 31:00 | Create | Kamayuk |
| 31:00 | Create | Kamayuk |
| 31:01 | Create | Kamayuk |
| 31:15 | Create | Kamayuk ×2 |
| 31:15 | Create | Kamayuk ×2 |
| 31:28 | Create | Villager (Male) |
| 31:50 | Build | Stone Wall |
| 31:54 | Build | Gate |
| 31:59 | Build | Stone Wall |
| 32:14 | Research | Hand Cart |
| 32:16 | Create | Villager (Male) |
| 32:26 | Build | Farm |
| 32:27 | Build | Farm |
| 32:29 | Build | Farm |
| 32:34 | Create | Villager (Male) ×3 |
| 32:54 | Research | Scale Mail Armor |
| 33:02 | Create | Villager (Male) ×2 |
| 33:25 | Build | Farm |
| 33:26 | Build | Farm |
| 33:39 | Build | Farm |
| 33:42 | Create | Villager (Male) ×5 |
| 33:59 | Build | Farm |
| 34:03 | Create | Villager (Male) ×4 |
| 34:17 | Build | Gate |
| 34:24 | Build | Stone Wall |
| 34:51 | Build | Town Center |
| 35:41 | Build | Gate |
| 35:46 | Build | Stone Wall |
Match timeline
| 0:09 | ภ₮℘♜๖ۣۜℜѺƔคŁ · first_building Barracks |
| 0:23 | jsch · wall_segment Palisade Wall x11 |
| 1:17 | Hinckley-forever · wall_segment Palisade Wall x14 |
| 2:16 | 自然之灵 · wall_segment Palisade Wall x9 |
| 2:28 | 自然之灵 · wall_segment Palisade Wall x4 |
| 2:45 | jsch · wall_segment Palisade Wall x9 |
| 2:53 | Masquerade · wall_segment Palisade Wall x6 |
| 3:40 | 123321 · wall_segment Palisade Wall x7 |
| 6:39 | ภ₮℘♜๖ۣۜℜѺƔคŁ · wall_segment Palisade Wall x4 |
| 11:00 | xxxibgdrgn · age_up feudal |
| 12:28 | jsch · age_up feudal |
| 12:38 | 随心所欲 · first_building Barracks |
| 12:43 | 自然之灵 · age_up feudal |
| 13:02 | 自然之灵 · wall_segment Stone Wall x7 |
| 13:06 | 自然之灵 · wall_segment Stone Wall x6 |
| 13:16 | 自然之灵 · wall_segment Stone Wall x6 |
| 13:17 | 123321 · age_up feudal |
| 13:58 | jsch · wall_segment Stone Wall x12 |
| 13:59 | 123321 · wall_segment Stone Wall x1 |
| 14:27 | 自然之灵 · wall_segment Stone Wall x7 |
| 14:36 | xxxibgdrgn · age_up castle |
| 14:40 | 自然之灵 · wall_segment Stone Wall x1 |
| 14:54 | ภ₮℘♜๖ۣۜℜѺƔคŁ · age_up feudal |
| 15:04 | 123321 · first_market_buy 100 food |
| 15:05 | 123321 · first_market_sell 100 wood |
| 15:18 | Masquerade · age_up feudal |
| 15:49 | Hinckley-forever · wall_segment Stone Wall x15 |
| 15:52 | 自然之灵 · wall_segment Stone Wall x4 |
| 15:58 | 自然之灵 · wall_segment Stone Wall x1 |
| 16:14 | 自然之灵 · age_up castle |
| 16:46 | Hinckley-forever · first_building Siege Workshop |
| 16:49 | 随心所欲 · age_up feudal |
| 17:00 | 自然之灵 · wall_segment Stone Wall x1 |
| 17:07 | 随心所欲 · first_building Stable |
| 18:17 | 123321 · age_up castle |
| 18:33 | jsch · first_market_sell 500 wood |
| 18:38 | jsch · first_market_buy 500 food |
| 18:46 | Hinckley-forever · first_market_buy 100 wood |
| 18:52 | 123321 · first_building Monastery |
| 19:24 | ภ₮℘♜๖ۣۜℜѺƔคŁ · first_building Archery Range |
| 20:43 | xxxibgdrgn · first_building Monastery |
| 20:52 | 随心所欲 · age_up castle |
| 20:58 | jsch · first_building Barracks |
| 21:20 | 自然之灵 · first_market_buy 100 stone |
| 21:28 | Hinckley-forever · first_building Barracks |
| 21:46 | 自然之灵 · first_market_sell 100 food |
| 21:52 | 自然之灵 · first_building Castle |
| 21:52 | jsch · first_building Archery Range |
| 22:58 | ภ₮℘♜๖ۣۜℜѺƔคŁ · age_up castle |
| 23:16 | jsch · age_up castle |
| 23:51 | 自然之灵 · first_building Siege Workshop |
| 25:29 | Masquerade · age_up castle |
| 25:42 | 123321 · first_building Barracks |
| 25:48 | xxxibgdrgn · first_building Castle |
| 26:15 | ภ₮℘♜๖ۣۜℜѺƔคŁ · first_building Castle |
| 26:41 | Hinckley-forever · first_building Castle |
| 26:47 | xxxibgdrgn · first_building Barracks |
| 26:52 | 123321 · first_building Siege Workshop |
| 26:57 | 随心所欲 · first_building Monastery |
| 27:18 | Masquerade · first_building Monastery |
| 27:57 | xxxibgdrgn · first_building Stable |
| 28:19 | xxxibgdrgn · first_building Archery Range |
| 28:34 | xxxibgdrgn · age_up imperial |
| 28:55 | 123321 · first_building Donjon |
| 31:06 | xxxibgdrgn · first_building Siege Workshop |
| 31:09 | Masquerade · first_building Castle |
| 31:10 | 随心所欲 · first_building Castle |
| 31:41 | Masquerade · first_building Barracks |
| 31:50 | ภ₮℘♜๖ۣۜℜѺƔคŁ · wall_segment Stone Wall x6 |
| 31:59 | ภ₮℘♜๖ۣۜℜѺƔคŁ · wall_segment Stone Wall x8 |
| 32:28 | 随心所欲 · first_building Siege Workshop |
| 32:35 | 自然之灵 · first_building Barracks |
| 32:54 | Masquerade · age_up imperial |
| 32:55 | 123321 · age_up imperial |
| 33:16 | Hinckley-forever · first_market_sell 100 wood |
| 33:49 | jsch · first_building Castle |
| 34:24 | ภ₮℘♜๖ۣۜℜѺƔคŁ · wall_segment Stone Wall x5 |
| 34:36 | 123321 · first_building Castle |
| 34:49 | 自然之灵 · age_up imperial |
| 35:24 | Masquerade · wall_segment Stone Wall x7 |
| 35:46 | ภ₮℘♜๖ۣۜℜѺƔคŁ · wall_segment Stone Wall x11 |
| 35:51 | Hinckley-forever · first_building Archery Range |
| 35:52 | Masquerade · first_building Archery Range |
| 36:17 | 随心所欲 · age_up imperial |
| 36:33 | jsch · wall_segment Stone Wall x3 |
| 36:34 | ภ₮℘♜๖ۣۜℜѺƔคŁ · first_building Siege Workshop |
| 37:00 | ภ₮℘♜๖ۣۜℜѺƔคŁ · wall_segment Stone Wall x18 |
| 37:15 | ภ₮℘♜๖ۣۜℜѺƔคŁ · first_market_buy 100 wood |
| 39:11 | ภ₮℘♜๖ۣۜℜѺƔคŁ · age_up imperial |
| 39:28 | ภ₮℘♜๖ۣۜℜѺƔคŁ · wall_segment Stone Wall x6 |
| 39:34 | 自然之灵 · first_building Monastery |
| 39:43 | xxxibgdrgn · tribute_sent a jugador 1 |
| 39:43 | xxxibgdrgn · tribute_sent a jugador 2 |
| 39:43 | xxxibgdrgn · tribute_sent a jugador 4 |
| 39:43 | xxxibgdrgn · tribute_sent a jugador 5 |
| 39:43 | xxxibgdrgn · tribute_sent a jugador 6 |
| 39:43 | xxxibgdrgn · tribute_sent a jugador 7 |
| 39:43 | xxxibgdrgn · tribute_sent a jugador 8 |
| 39:50 | ภ₮℘♜๖ۣۜℜѺƔคŁ · wall_segment Stone Wall x11 |
| 40:29 | ภ₮℘♜๖ۣۜℜѺƔคŁ · wall_segment Stone Wall x6 |
| 40:53 | ภ₮℘♜๖ۣۜℜѺƔคŁ · wall_segment Stone Wall x10 |
| 41:25 | ภ₮℘♜๖ۣۜℜѺƔคŁ · wall_segment Stone Wall x2 |
| 41:28 | ภ₮℘♜๖ۣۜℜѺƔคŁ · wall_segment Stone Wall x8 |
| 41:42 | ภ₮℘♜๖ۣۜℜѺƔคŁ · wall_segment Stone Wall x7 |
| 41:49 | ภ₮℘♜๖ۣۜℜѺƔคŁ · first_market_sell 500 food |
| 43:24 | jsch · first_building Stable |
| 43:58 | jsch · age_up imperial |
| 45:47 | Masquerade · first_building Stable |
| 46:03 | ภ₮℘♜๖ۣۜℜѺƔคŁ · wall_segment Stone Wall x1 |
| 46:52 | ภ₮℘♜๖ۣۜℜѺƔคŁ · resign |
| 50:49 | xxxibgdrgn · tribute_sent a jugador 1 |
| 50:49 | xxxibgdrgn · tribute_sent a jugador 2 |
| 50:49 | xxxibgdrgn · tribute_sent a jugador 4 |
| 50:49 | xxxibgdrgn · tribute_sent a jugador 5 |
| 50:49 | xxxibgdrgn · tribute_sent a jugador 6 |
| 50:49 | xxxibgdrgn · tribute_sent a jugador 7 |
| 50:49 | xxxibgdrgn · tribute_sent a jugador 8 |
| 55:37 | jsch · tribute_sent a jugador 1 |
| 55:37 | jsch · tribute_sent a jugador 2 |
| 55:37 | jsch · tribute_sent a jugador 3 |
| 55:37 | jsch · tribute_sent a jugador 4 |
| 55:37 | jsch · tribute_sent a jugador 5 |
| 55:37 | jsch · tribute_sent a jugador 7 |
| 55:37 | jsch · tribute_sent a jugador 8 |
| 55:59 | jsch · tribute_sent a jugador 1 |
| 55:59 | jsch · tribute_sent a jugador 2 |
| 55:59 | jsch · tribute_sent a jugador 3 |
| 55:59 | jsch · tribute_sent a jugador 4 |
| 55:59 | jsch · tribute_sent a jugador 5 |
| 55:59 | jsch · tribute_sent a jugador 7 |
| 55:59 | jsch · tribute_sent a jugador 8 |
[ AI ANALYSIS · 1 CREDIT ]
What really happened in this match?
Wolo.gg analyzes every decision: build order, eco, micro, common mistakes by bracket. Personalized analysis on WhatsApp or Discord in 30 seconds.
Civ guide
Persians
Map guide
Black Forest
Perfil
随心所欲